Map: Ulrena

Players

Misaki - Winner!

  • Race: Zerg Zerg
  • League: Grandmaster

TrueCanadian

  • Race: Protoss Protoss
  • League: Diamond

Event: Gauntlet LotV Series 1 Qualifier 1

VOD

Have the link to the VOD?

Description

Time

  • Played on: Nov. 22, 2015, 3:21 p.m.
  • Length: 6:28

All games in this series

Show
View Real Time Build Order
Export as new Build Order

Misaki Zerg - Winner!

Build Orders: Pool First 

Get SALT Encoding   

  12  0:00  Drone  
  13  0:08  Drone  
  14  0:17  Overlord  
  14  0:24  Drone, Extractor  
  15  0:37  Drone x2  
  17  0:46  Spawning Pool  
  17  0:48  Drone  
  17  1:09  Hatchery  
  16  1:11  Drone  
  16  1:15  Drone  
  18  1:18  Extractor  
  18  1:19  Drone  
  18  1:33  Queen  
  18  1:38  Zergling x2  
  21  1:41  Drone  
  22  1:56  Overlord  
  22  2:14  Queen  
  24  2:16  Drone x2  
  24  2:21  Metabolic Boost  
  26  2:25  Drone  
  26  2:27  Drone  
  28  2:49  Drone x2  
  28  2:51  Hatchery  
  29  2:56  Drone x3  
  31  2:58  Drone  
  31  3:02  Overlord  
  33  3:05  Drone  
  33  3:08  Drone  
  33  3:10  Drone  
  35  3:21  Zergling x4  
  35  3:22  Zergling x2  
  36  3:30  Zergling x2  
  36  3:31  Zergling x8  
  36  3:33  Zergling x2  
  42  3:39  Queen  
  42  3:43  Zergling x2  
  42  3:45  Drone  
  42  3:48  Drone  
  39  4:02  Drone x4  
  43  4:04  Drone x2  
  45  4:13  Drone x2  
  45  4:15  Lair  
  46  4:19  Drone x2  
  45  4:27  Drone x4  
  45  4:30  Drone  
  48  4:32  Spore Crawler  
  48  4:35  Drone  
  48  4:36  Extractor  
  48  4:38  Drone x2  
  49  4:50  Drone x2, Roach Warren  
  49  4:57  Drone  
  49  4:59  Zergling x2  
  50  5:00  Extractor  
  50  5:01  Drone  
  50  5:04  Overlord x2  
  50  5:07  Drone  
  50  5:11  Overlord  
  50  5:13  Hydralisk Den  
  50  5:17  Overlord  
  50  5:21  Overlord  
  50  5:22  Queen  
  50  5:24  Drone x2  
  50  5:25  Drone x3  
  50  5:27  Drone x2  
  59  5:29  Extractor  
  59  5:31  Zergling x8  
  59  5:35  Overlord  
  62  5:43  Hydralisk x3  
  62  5:44  Hydralisk  
  70  5:50  Extractor  
  70  5:51  Hydralisk x2  
  70  5:56  Drone  
  75  5:57  Drone  
  75  6:03  Drone  
  79  6:04  Drone  
Show
View Real Time Build Order
Export as new Build Order

TrueCanadian Protoss 

Build Orders:  

Get SALT Encoding   

  12  0:01  Probe (Chrono Boost)  
  13  0:12  Probe (Chrono Boost)  
  14  0:19  Pylon  
  14  0:22  Probe (Chrono Boost)  
  15  0:37  Probe (Chrono Boost)  
  15  0:38  Gateway  
  16  0:43  Assimilator  
  16  0:48  Probe (Chrono Boost)  
  17  0:58  Probe (Chrono Boost)  
  18  1:09  Probe (Chrono Boost)  
  19  1:11  Gateway  
  19  1:20  Probe (Chrono Boost), Pylon  
  20  1:34  Cybernetics Core  
  20  1:40  Probe (Chrono Boost)  
  21  1:50  Probe (Chrono Boost)  
  22  2:14  Nexus, Pylon  
  22  2:16  Warp Gate  
  22  2:22  Pylon  
  22  2:32  Mothership Core (Chrono Boost)  
  22  2:33  Adept  
  22  2:34  Adept  
  27  3:07  Assimilator  
  27  3:08  Probe (Chrono Boost)  
  27  3:12  Stalker  
  30  3:13  Stalker  
  30  3:19  Probe (Chrono Boost)  
  33  3:46  Probe x2 (Chrono Boost)  
  31  3:56  Probe (Chrono Boost), Forge  
  31  3:59  Probe (Chrono Boost), Pylon  
  33  4:07  Probe (Chrono Boost)  
  34  4:10  Probe (Chrono Boost)  
  33  4:17  Probe (Chrono Boost)  
  26  4:25  Probe (Chrono Boost)  
  26  4:28  Probe (Chrono Boost)  
  26  4:31  Photon Cannon  
  27  4:33  Stargate  
  27  4:34  Pylon  
  27  4:35  Stalker x2, Probe (Chrono Boost)  
  33  4:38  Probe (Chrono Boost)  
  33  4:46  Probe (Chrono Boost)  
  33  4:49  Probe (Chrono Boost)  
  35  4:56  Probe (Chrono Boost)  
  37  5:07  Probe x2 (Chrono Boost)  
  37  5:13  Assimilator  
  37  5:15  Assimilator  
  37  5:16  Phoenix  
  37  5:17  Probe (Chrono Boost)  
  37  5:18  Probe (Chrono Boost)  
  41  5:28  Probe x2 (Chrono Boost)  
  43  5:29  Zealot  
  43  5:30  Pylon  
  43  5:32  Zealot, Pylon  
  47  5:38  Probe (Chrono Boost)  
  47  5:39  Probe (Chrono Boost)  
  49  5:47  Phoenix  
  49  5:49  Probe x2 (Chrono Boost)  
  53  5:59  Probe (Chrono Boost)  
  53  6:00  Probe (Chrono Boost)  
  55  6:09  Nexus  
  56  6:11  Probe x2 (Chrono Boost)  
Tags
 
Add a new tag
Caveats
  • Supply blocks, unpowered buildings, or Contaminate may cause inaccurate times.
  • Supply counts are checked every 10 seconds.